 Dungeon Crawl Stone Soup version 0.31-a0-1589-g8f5e8aebd6 (webtiles) character file.

Game seed: 16786660502543903388

9 Flugslaktarn the Apothecary (level 2, -3/17 HPs)
             Began as an Octopode Alchemist on Jan 5, 2024.
             Frozen to death by an endoplasm (4 damage)
             ... on level 2 of the Dungeon.
             The game lasted 00:00:28 (157 turns).

Flugslaktarn the Apothecary (Octopode Alchemist)     Turns: 157, Time: 00:00:28

Health: -3/17      AC:  1    Str:  7    XL:     2   Next: 16%
Magic:  2/5        EV: 13    Int: 17    God:
Gold:   10         SH:  0    Dex: 12    Spells: 4/5 levels left

rFire   . . .        c - +0 dagger
rCold   . . .        (no shield)
rNeg    . . .        (helmet restricted)
rPois   .            b - amulet of the acrobat
rElec   .            (no ring)
rCorr   .            (no ring)
SInv    .            (no ring)
Will    .....        (no ring)
Stlth   +++          (no ring)
HPRegen 0.22/turn    (no ring)
MPRegen 0.09/turn    (no ring)
                     (no ring)

%: acrobat
@: no status effects
A: almost no armour, amphibious, 8 rings, camouflage 1, gelatinous body 1,
(nimble swimmer 1), tentacles
a: no special abilities


You were on level 2 of the Dungeon.
You visited 1 branch of the dungeon, and saw 3 of its levels.

You collected 10 gold pieces.

Inventory:

Hand Weapons
 c - a +0 dagger (weapon)
   (You took it off a goblin on level 2 of the Dungeon)
Jewellery
 b - an amulet of the acrobat (around mantle)
   (You found it on level 1 of the Dungeon)


   Skills:
 - Level 2.0 Dodging
 - Level 2.6 Stealth
 + Level 2.2 Spellcasting
 - Level 1.0 Conjurations
 * Level 3.7 Alchemy


You had 4 spell levels left.
You knew the following spells:

 Your Spells              Type           Power      Damage    Failure   Level
a - Sting                 Conj/Alch      40%        1d5       7%          1

Your spell library contained the following spells:

 Spells                   Type           Power      Damage    Failure   Level
 Mercury Vapours          Alch/Air       16%        N/A       13%         2
 Mephitic Cloud           Conj/Alch/Air  7%         N/A       30%         3
 Olgreb's Toxic Radiance  Alch           14%        N/A       36%         4
 Sticky Flame             Fire/Alch      8%         2d4       65%         4


Dungeon Overview and Level Annotations

Branches:
Dungeon (3/15)

Altars:


Innate Abilities, Weirdness & Mutations

You cannot wear most types of armour.
You are amphibious.
You can wear up to eight rings at the same time.
Your skin changes colour to match your surroundings (Stealth+).
Your rubbery body absorbs attacks. (AC +1, EV +1)
((You are camouflaged when in or above water. (Stealth+)))
You have tentacles for arms and can constrict up to eight enemies at once.


Message History

You hit the rat.
You kill the rat!
No target in view!
Found a leather armour.
d - a scroll labelled BOCSUWK POKHLOT
As you read the scroll labelled BOCSUWK POKHLOT, it crumbles to dust.
You hear a loud clanging noise!
It was a scroll of noise.
You hear a loud squeak.
You hear an angry hiss. x3; You hear a shout!
You hear an angry hiss.
You hear a shout!
You hear an angry hiss.
Unknown command.
A ball python comes into view.
You now have 10 gold pieces.
A bat comes into view.
Casting: Sting (safe; 8% risk of failure)
Confirm with . or Enter, or press ? or * to list all spells.
Aiming: Sting (safe; 8% risk of failure)
Press: ? - help, Shift-Dir - straight line, f - ball python
Aim: a ball python (64% to hit)
The sting misses the ball python.
The ball python bites you. The ball python grabs you.
The ball python constricts you.
You barely miss the ball python. Your grab misses the ball python.
The ball python bites you. The ball python constricts you.
You hit the ball python. Your grab misses the ball python.
The ball python is moderately wounded.
The bat hits you. The ball python bites you. The ball python constricts you.
You closely miss the ball python. Your grab misses the ball python.
The ball python is moderately wounded.
The bat hits you. The ball python misses you. The ball python constricts you.
An endoplasm comes into view.
The endoplasm quivers.
You hit the ball python but do no damage.
Your grab misses the ball python.
The ball python is moderately wounded.
The bat hits you but does no damage. The ball python bites you.
The ball python constricts you.
An adder comes into view.
You hit the ball python. Your grab misses the ball python.
You squeeze the ball python.
You kill the ball python!
The bat closely misses you. The bat misses you.
Casting: Sting (safe; 7% risk of failure)
Confirm with . or Enter, or press ? or * to list all spells.
Aiming: Sting (safe; 7% risk of failure)
Press: ? - help, Shift-Dir - straight line, f - bat
Aim: a bat (57% to hit)
The sting misses the bat.
The bat hits you but does no damage. The bat barely misses you.
The bat barely misses you.
You barely miss the bat. Your grab misses the bat.
The bat closely misses you. x3
The endoplasm jiggles.
You aren't carrying any scrolls.
Unknown command.
Magic courses through your body. The bat barely misses you.
The bat hits you but does no damage.
Casting: Sting (safe; 7% risk of failure)
Confirm with . or Enter, or press ? or * to list all spells.
Aiming: Sting (safe; 7% risk of failure)
Press: ? - help, Shift-Dir - straight line, f/p - bat
Aim: a bat (57% to hit)
The sting hits the bat.
The bat is poisoned.
The bat is moderately wounded.
The bat hits you.
Casting: Sting (safe; 7% risk of failure)
Confirm with . or Enter, or press ? or * to list all spells.
Aiming: Sting (safe; 7% risk of failure)
Press: ? - help, Shift-Dir - straight line, f/p - bat
Aim: a bat (moderately wounded, poisoned, 57% to hit)
The sting misses the bat.
The sting hits the endoplasm.
The endoplasm partially resists.
The endoplasm is poisoned.
The endoplasm is lightly wounded.
You kill the bat!
A hobgoblin comes into view.
Casting: Sting (safe; 7% risk of failure)
Confirm with . or Enter, or press ? or * to list all spells.
Aiming: Sting (safe; 7% risk of failure)
Press: ? - help, Shift-Dir - straight line, f - endoplasm
Aim: an endoplasm (lightly wounded, poisoned, 98% to hit)
The sting hits the endoplasm but does no damage.
The endoplasm looks even sicker.
The endoplasm is lightly wounded.
The endoplasm freezes you.
You are frozen.
Casting: Sting (safe; 7% risk of failure)
Confirm with . or Enter, or press ? or * to list all spells.
Aiming: Sting (safe; 7% risk of failure)
Press: ? - help, Shift-Dir - straight line, f/p - endoplasm
Aim: an endoplasm (lightly wounded, very poisoned, 98% to hit)
The sting hits the endoplasm.
The endoplasm partially resists.
The endoplasm looks even sicker.
The endoplasm is moderately wounded.
The endoplasm freezes you.
You are frozen.
* * * LOW HITPOINT WARNING * * *
You hit the endoplasm.
The endoplasm is almost dead.
The endoplasm freezes you.
You are frozen.
You die...

... ... . #.# #.####
.. #.# #....# ..S
#.# #....# ....
#.###....###. .....
#.. ..........
......#.###....###..
#.†gSJ@.........
#...####........
#.(.# #........
#.#.####...#....
........#...# ...
###.#.#...>### [#
... . #.....## ..# #
#.....# #.# #.....#


You could see an adder, an endoplasm (very poisoned) and a hobgoblin.

Vanquished Creatures
  An orc (D:3)
  2 ball pythons
  A hobgoblin (D:2)
  2 bats
  A goblin (D:2)
  2 rats (D:2)
9 creatures vanquished.

Notes
Turn   | Place    | Note
-------+----------+-------------------------------------------
     0 | D:1      | Flugslaktarn the Octopode Alchemist began the quest for the
                  | Orb.
     0 | D:1      | Reached XP level 1. HP: 11/11 MP: 3/3
   123 | D:3      | Reached XP level 2. HP: 17/17 MP: 0/5
   157 | D:2      | Frozen to death by an endoplasm

Illustrated notes

Levels and vault maps discovered:
D:1:      ebering_hopf_link, layout_basic,
          shapermc_ecumenical_altar_mp_urbaneastern
D:2:      layout_basic
D:3:      layout_loops_ring, amcnicky_altar_gilded, xom_confusion_cloud,
          kennysheep_generic_room_5

Action                     || total
---------------------------++-------
  Melee: Unarmed           ||     4
         Constrict         ||     2
         Dagger            ||    11
         Tentacles         ||     2
   Cast: Sting             ||    14
    Use: Scroll            ||     1
         Potion            ||     1
 Armour: Skin              ||    11
  Dodge: Dodged            ||    14

Table legend: (Time is in decaauts)
 A = Elapsed time spent in this place.
 B = Non-inter-level travel time spent in this place.
 C = Inter-level travel time spent in this place.
 D = Time resting spent in this place.
 E = Time spent auto-exploring this place.
 F = Levels seen in this place.
 G = Mean time per level.
                   A        B        C        D        E       F      G
               +--------+--------+--------+--------+--------+-----+--------+
         Total |    156 |    156 |      0 |      0 |     53 |   3 |   52.0 |
       Dungeon |    156 |    156 |      0 |      0 |     53 |   3 |   52.0 |
               +--------+--------+--------+--------+--------+-----+--------+

Top non-repeatable levels by time:
     D:2: 93 daAuts
     D:1: 55 daAuts
     D:3: 7 daAuts
